AoeStats
← adrienzk

Arabia

510724555Analyzed
1v1 RM · 9h ago on Oct 2, 2026· 42m 56s· 2 players
Game mode
Random Map
Map size
Tiny (2 player)
Population
200
Speed
Normal
Resources
Standard
Victory
Conquest
Starting age
Dark Age
Ending age
Imperial Age
RankedLock teamsTeams togetherTeam positionsShared explorationLock speedFull tech treeHidden civsTurbo modeCheats
Victory
Defeat
🇨🇱 Vietnamese · Chile
1194
+18
🇫🇷 Varangians · France
1242
-18
Juankhan
6:16 Loom
10:10 Feudal Age
17:39 Double-Bit Axe
17:35 Horse Collar
18:31 Gold Mining
21:04 Wheelbarrow
26:06 Castle Age
23:57 Fletching
24:08 Padded Archer Armor
26:06 Crossbowman
26:44 Bodkin Arrow
27:05 Leather Archer Armor
27:08 Bow Saw
26:59 Heavy Plow
27:07 Pikeman
29:15 Hand Cart
29:31 Town Watch
30:01 Thumb Ring
30:23 Ballistics
32:08 Bloodlines
31:59 Husbandry
32:17 Thumb Ring
35:51 Scale Barding Armor
35:57 Forging
38:52 Chain Barding Armor
40:11 Iron Casting
42:51 Imperial Age
adrienzk
5:21 Loom
10:20 Feudal Age
12:10 Bloodlines
15:06 Town Watch
17:35 Forging
18:09 Horse Collar
22:48 Double-Bit Axe
22:46 Horse Collar
25:11 Castle Age
23:34 Horse Collar
24:59 Stone Mining
25:23 Scale Barding Armor
25:21 Gold Mining
28:48 Bow Saw
34:20 Chain Barding Armor
38:24 Iron Casting
41:43 Husbandry
41:22 Vendel Legacy
Connection lost

Rejoining the realm…

Still unreachable

The connection could not be restored.

Session expired

The server has moved on; the page needs a fresh start.